Map: Ruins of Seras

Players

loppelo

  • Race: Terran Terran

Bop - Winner!

  • Race: Zerg Zerg

VOD

Have the link to the VOD?

Description

Time

  • Played on: May 3, 2015, 5:44 a.m.
  • Length: 8:34
Show
View Real Time Build Order
Export as new Build Order

loppelo Terran 

Build Orders: Command Center First (CC) 

Get SALT Encoding   

  12  0:02  SCV  
  13  0:15  SCV  
  14  0:22  Supply Depot  
  14  0:27  SCV  
  15  0:43  SCV  
  16  0:59  Command Center  
  16  1:02  SCV  
  17  1:14  Barracks  
  17  1:17  SCV  
  18  1:22  Refinery  
  18  1:29  SCV  
  19  1:44  SCV  
  20  2:00  Orbital Command  
  20  2:01  Marine  
  21  2:12  Bunker, Orbital Command  
  21  2:21  Marine  
  22  2:29  SCV  
  23  2:31  Factory  
  23  2:39  SCV  
  23  2:41  SCV  
  25  2:46  Barracks Reactor  
  26  2:51  SCV, Supply Depot  
  26  2:53  SCV  
  26  2:56  Refinery  
  27  3:03  SCV  
  28  3:06  SCV  
  28  3:09  Supply Depot  
  29  3:15  SCV  
  29  3:18  SCV  
  31  3:25  Starport  
  31  3:27  SCV  
  31  3:29  Hellion x2  
  31  3:30  SCV  
  31  3:32  Barracks Reactor  
  37  3:36  Supply Depot  
  37  3:39  SCV  
  38  3:42  SCV  
  39  3:50  Command Center  
  39  3:51  SCV  
  39  3:53  Hellion  
  39  3:54  SCV  
  43  3:56  Hellion  
  45  4:04  SCV  
  46  4:12  Missile Turret  
  46  4:13  Missile Turret  
  46  4:14  Medivac x2  
  50  4:18  SCV x2  
  50  4:23  Hellion x2  
  56  4:27  Armory  
  56  4:30  SCV x2  
  58  4:38  Supply Depot  
  58  4:44  Barracks  
  58  4:45  Barracks Tech Lab  
  58  4:46  Barracks  
  58  4:48  SCV  
  58  4:49  SCV, Missile Turret  
  60  5:00  SCV  
  60  5:03  Refinery  
  60  5:04  Refinery, Orbital Command  
  60  5:05  SCV, Engineering Bay  
  60  5:07  Engineering Bay  
  62  5:18  SCV x2  
  62  5:19  Missile Turret  
  64  5:30  SCV x2  
  56  5:35  Barracks Reactor  
  56  5:36  Barracks Reactor  
  54  5:43  Terran Infantry Weapons Level 1, Terran Infantry Armor Level 1, Barracks  
  54  5:44  SCV  
  54  5:45  SCV, Missile Turret  
  54  5:46  Barracks  
  54  5:47  SCV, Missile Turret  
  54  5:49  Marauder  
  55  6:04  Medivac x2  
  55  6:09  Missile Turret  
  55  6:11  Marauder  
  60  6:14  Marine x2  
  60  6:15  Marine x2  
  60  6:16  Widow Mine x2  
  60  6:18  Orbital Command  
  68  6:20  Supply Depot  
  68  6:21  Supply Depot  
  68  6:32  Missile Turret  
  68  6:34  Missile Turret  
  68  6:36  Marine x2  
  68  6:37  Barracks Reactor, Marine x2  
  72  6:41  Barracks Tech Lab, Marauder  
  72  6:43  Medivac x2  
  72  6:46  Orbital Command  
  73  6:54  Marine x2  
  73  6:58  Widow Mine, Marine x2  
  73  6:59  Widow Mine  
  79  7:03  SCV x2  
  79  7:07  Supply Depot  
  83  7:11  SCV  
  83  7:12  Marine  
  83  7:15  SCV x2  
  85  7:20  Missile Turret  
  85  7:21  Missile Turret  
  85  7:23  SCV, Marauder, Marine x4  
  85  7:24  Marine  
  85  7:29  SCV x2, Medivac  
  97  7:32  Supply Depot  
  97  7:34  Armory  
  98  7:39  Marine x2  
  98  7:40  Marine  
  98  7:42  SCV  
  101  7:49  Barracks  
  101  7:50  Supply Depot, Barracks  
  101  7:55  Marine x4  
  101  7:56  Marauder  
  107  8:05  Marine x3  
  107  8:11  SCV x3  
  117  8:12  Marine  
  117  8:15  Marine x3  
  123  8:20  Supply Depot  
  123  8:21  Supply Depot  
  123  8:24  Supply Depot  
Show
View Real Time Build Order
Export as new Build Order

Bop Zerg - Winner!

Build Orders: Hatch First, Muta Ling Bane 

Get SALT Encoding   

  12  0:00  Drone  
  13  0:12  Overlord  
  13  0:17  Drone  
  14  0:30  Drone  
  14  0:31  Drone  
  14  0:35  Drone  
  17  0:53  Hatchery  
  17  0:56  Drone  
  17  1:05  Extractor  
  16  1:12  Spawning Pool  
  16  1:15  Drone  
  16  1:24  Drone x2  
  18  1:34  Drone  
  19  1:50  Drone x2  
  21  2:04  Queen  
  21  2:05  Metabolic Boost, Queen  
  21  2:07  Zergling x2  
  26  2:13  Overlord  
  26  2:25  Drone x2  
  28  2:32  Drone x2  
  28  2:33  Drone  
  31  2:39  Drone  
  31  2:43  Lair  
  32  2:46  Drone  
  32  2:50  Queen  
  35  2:55  Overlord  
  35  3:06  Drone  
  35  3:10  Extractor  
  35  3:12  Extractor  
  34  3:14  Drone x6  
  40  3:20  Overlord  
  40  3:22  Drone x2  
  40  3:27  Drone x2  
  44  3:44  Drone, Spire  
  44  3:46  Drone x2  
  46  3:49  Overlord  
  46  3:51  Overseer  
  46  3:55  Drone x2  
  47  3:56  Drone  
  49  4:06  Drone x2  
  49  4:08  Overlord, Extractor  
  50  4:11  Drone, Baneling Nest  
  50  4:16  Drone x2  
  52  4:25  Overlord  
  52  4:45  Overlord x2  
  52  4:56  Mutalisk x5  
  52  4:59  Mutalisk  
  62  5:03  Hatchery  
  62  5:04  Drone x5  
  68  5:13  Mutalisk  
  70  5:20  Overlord  
  69  5:31  Drone x3  
  69  5:32  Drone x6  
  73  5:44  Hydralisk Den  
  73  5:49  Drone x6  
  78  5:54  Extractor  
  78  5:55  Infestation Pit  
  78  5:56  Extractor  
  75  6:01  Overlord  
  75  6:02  Evolution Chamber  
  75  6:03  Evolution Chamber, Lurker Den, Zergling x4  
  75  6:20  Drone x8  
  83  6:28  Overlord x2  
  83  6:31  Hive, Zerg Melee Weapons Level 1  
  83  6:36  Zerg Ground Armor Level 1  
  83  6:41  Zergling x2  
  83  6:42  Zergling x6  
  86  6:55  Zergling x12  
  86  6:56  Zergling x8  
  86  7:00  Overseer  
  94  7:01  Hydralisk  
  94  7:02  Hydralisk  
  94  7:03  Hydralisk  
  94  7:07  Overseer  
  100  7:08  Overlord  
  100  7:20  Drone x4  
  104  7:33  Hatchery  
  103  7:44  Lurker x3  
  106  7:51  Ultralisk Cavern  
  106  7:54  Drone  
  106  7:55  Hydralisk x6  
  106  7:57  Zergling x2  
  106  7:58  Zergling x12  
  125  8:01  Overlord  
  125  8:09  Overlord  
Tags
 
Add a new tag
Caveats
  • Supply blocks, unpowered buildings, or Contaminate may cause inaccurate times.
  • Supply counts are checked every 10 seconds.